 Dungeon Crawl Stone Soup version 0.30-b1-2-g02819fbbbe (webtiles) character file.

Game seed: 4058675136830594983

7085 NeyKoZ the Carver (level 10, -2/144 HPs)
             Began as a Minotaur Berserker on Sept 4, 2023.
             Was an Elder of Trog.
             Slain by an orange demon (4 damage)
             ... summoned by a kobold demonologist
             ... on level 9 of the Dungeon.
             The game lasted 00:32:38 (11415 turns).

NeyKoZ the Carver (Minotaur Berserker)             Turns: 11415, Time: 00:32:39

Health: -2/144     AC: 25    Str: 25    XL:     10   Next: 84%
Magic:  9/9        EV:  2    Int:  4    God:    Trog [****..]
Gold:   530        SH:  5    Dex: 11    Spells: 9/9 levels left

rFire   . . .        a - +5 falchion (drain)
rCold   . . .        (no shield)
rNeg    . . .        i - melded +0 plate armour
rPois   +            (helmet unavailable)
rElec   .            p - melded +0 cloak
rCorr   .            n - melded +2 pair of gloves
SInv    .            (boots currently unavailable)
Will    ++...        g - amulet of reflection
Stlth   +            s - ring of flight
HPRegen 1.44/turn    (no ring)
MPRegen 0.11/turn

%: reflection
@: lethally poisoned (-2 -> -8), tree-form, strong-willed (expiring), on berserk
cooldown, regenerating (expiring), slowed, very slow
A: stationary, stasis, torment immunity, boosted hp, (horns 3), (retaliatory
headbutt), mutation resistance 1
a: Renounce Religion, Berserk, Trog's Hand, Brothers in Arms


You were on level 9 of the Dungeon.
You worshipped Trog.
Trog was greatly pleased with you.
You were a tree.
You visited 1 branch of the dungeon, and saw 9 of its levels.

You collected 740 gold pieces.
You spent 210 gold pieces at shops.

Inventory:

Hand Weapons
 a - a +5 falchion of draining (weapon)
 h - a +0 whip
 o - a +2 quarterstaff of chaos
 t - a +3 hand axe
Armour
 b - +0 steam dragon scales
 i - a +0 plate armour (melded)
 n - a +2 pair of gloves (melded)
 p - a +0 cloak (melded)
 u - a scarf of shadows
 y - the +3 hat of Pondering {ponderous, Will+ MP+10 Int+5}
   (You took it off Gastronok on level 9 of the Dungeon)

   Int:       It affects your intelligence (+5).
   MP:        It affects your magic capacity (+10).
   Will:      It increases your willpower.
Jewellery
 g - an amulet of reflection (around neck)
 m - an amulet of guardian spirit
 s - a ring of flight (left branch)
 x - an amulet of reflection
Wands
 w - a wand of flame (23)
 B - a wand of charming (10)
Scrolls
 d - a scroll of blinking (quivered)
 f - 8 scrolls of identify
 j - a scroll of poison
 v - 3 scrolls of magic mapping
 z - 4 scrolls of teleportation
 C - a scroll of enchant weapon
Potions
 c - 4 potions of flight
 e - a potion of curing
 k - 3 potions of lignification
 l - a potion of brilliance {unknown}
 r - a potion of magic {unknown}
 A - a potion of invisibility {unknown}
 D - a potion of cancellation {unknown}
 E - a potion of heal wounds {unknown}


   Skills:
 * Level 11.4 Fighting
 + Level 12.8 Long Blades
 + Level 11.3 Armour
 - Level 3.0 Dodging
 - Level 1.3 Shields


You had 9 spell levels left.
You didn't know any spells.
Your spell library contained the following spells:

 Spells                   Type           Power      Damage    Failure   Level
 Gell's Gravitas          Tloc           0%         N/A       86%         3
 Teleport Other           Tloc           0%         N/A       86%         3
 Dispersal                Tloc           0%         N/A       100%        6


Dungeon Overview and Level Annotations

Branches:
Dungeon (9/15)             Temple (0/1) D:4
   Lair: D:8-11         Orc: D:9-12

Altars:
Ashenzari
Cheibriados
Elyvilon
Nemelex Xobeh
Okawaru
Qazlal
Sif Muna
Trog
Uskayaw
Vehumet
Wu Jian
Xom
Zin

Shops:
D:1 =   D:2 ?   D:6 [   D:8 (

Annotations:
D:8 3 transporters


Innate Abilities, Weirdness & Mutations

You are a tree.
Your roots penetrate the ground, keeping you stationary.
You cannot be teleported.
You are immune to unholy pain and torment.
Your maximum health is greatly increased.
Your equipment is partially melded.
((You have a pair of large horns on your head.))
((You reflexively headbutt those who attack you in melee.))
You are somewhat resistant to further mutation.


Message History

You hit the kobold brigand.
The kobold brigand is moderately wounded.
You feel the effects of Trog's Hand fading.
You feel very sick.
The orange demon stings you but does no damage.
The crimson imp puffs mist at you.
The crimson imp hits you but does no damage.
The kobold brigand hits you but does no damage.
The kobold brigand hits you with a +1 rapier of venom.
* * * LOW HITPOINT WARNING * * *
The kobold brigand hits you with a +2 dagger of venom.
* * * LOW HITPOINT WARNING * * *
The kobold brigand hits you but does no damage.
The kobold demonologist hits you but does no damage.
The white imp shouts, "Scamper hence, thou skyhacking earth-vexing tiddler!"
As you read the scroll of summoning, it crumbles to dust.
Wisps of shadow whirl around you...
You feel very sick.
The white imp disappears in a puff of smoke!
The orange demon stings you but does no damage.
The kobold demonologist hits you but does no damage.
The kobold brigand hits you but does no damage.
You are more poisoned.
The kobold brigand hits you but does no damage.
The kobold brigand hits you with a +1 rapier of venom.
* * * LOW HITPOINT WARNING * * *
You block the crimson imp's attack. You block the kobold brigand's attack.
The orange demon stings you from afar.
* * * LOW HITPOINT WARNING * * *
You hit the kobold brigand. You drain the kobold brigand.
The kobold brigand is heavily wounded.
* * * LOW HITPOINT WARNING * * *
You feel very sick.
The crimson imp hits you but does no damage.
The kobold brigand hits you but does no damage. x2
The kobold demonologist hits you but does no damage.
Your bullfrog hits the kobold brigand.
Your howler monkey hits the crimson imp.
The orange demon stings you from afar.
You die...

....# #........<..# #.......
##### #######..#### #######.
..########....#.....# ###.
.)................#.###### #.#.
..#......................#####.#.
..#...........###.######.........
..#..........####.# #.##.#.##.
..######...#..FK#F# #.##....#.
..# #...###KK♣K# #...##.... ..#
#...###§5KK######.......## ..#
######hOh4K5...####..##.#
..###### #.##')'##.# #.....#
.......# ###.....### ##....#
.......# #.#...#.# #.#.###
..).)..#######⌠.#.#.⌠# ####.#.###
...))........#.#...#.# #....#..##
........#######..5..####.#####.##


You could see an orange demon (summoned), a kobold demonologist, 6 kobold
brigands, a crimson imp (summoned, ally target), a white imp (summoned), a
friendly two-headed ogre (summoned), 2 friendly bullfrogs and 2 friendly howler
monkeys.

Vanquished Creatures
  Gastronok (D:9)
  A two-headed ogre (D:8)
  The ghost of zielscheibe the Changer, a novice VSTm of Gozag (D:9)
  Maggie (D:8)
  A hornet (D:8)
  A shadow (D:9)
  5 yaks (D:9)
  Eustachio (D:6)
  4 steam dragons
  3 water moccasins
  2 orc warriors
  An ice beast (D:6)
  A sky beast (D:7)
  2 black bears
  4 centaurs
  2 kobold brigands
  A bullfrog (D:9)
  3 scorpions
  12 killer bees
  4 howler monkeys
  A hound (D:4)
  Crazy Yiuf (D:3)
  An orc priest (D:7)
  3 sleepcaps
  2 iguanas
  2 gnoll boudas (D:9)
  4 orc wizards
  7 adders
  10 gnolls
  2 white imps (D:8)
  3 ufetubi (D:5)
  A worm (D:3)
  6 dart slugs
  25 orcs
  9 ball pythons
  9 endoplasms
  A giant cockroach (D:2)
  15 goblins
  9 hobgoblins
  2 jackals (D:3)
  17 kobolds
  7 quokkas
  4 bats
  7 frilled lizards
  5 rats
204 creatures vanquished.

Vanquished Creatures (others)
  6 fungi (D:3)
  2 plants (D:5)
8 creatures vanquished.

Grand Total: 212 creatures vanquished

Notes
Turn   | Place    | Note
-------+----------+-------------------------------------------
     0 | D:1      | NeyKoZ the Minotaur Berserker began the quest for the Orb.
     0 | D:1      | Reached XP level 1. HP: 19/19 MP: 0/0
   250 | D:1      | Reached skill level 4 in Long Blades
   256 | D:1      | Reached XP level 2. HP: 11/27 MP: 1/1
   564 | D:1      | Found Hecsisch's Jewellery Emporium.
  1237 | D:2      | Reached XP level 3. HP: 28/33 MP: 2/2
  1347 | D:2      | Found Gaafain's Magic Scroll Shop.
  1387 | D:2      | Reached skill level 5 in Long Blades
  1399 | D:2      | Reached ** piety under Trog
  1501 | D:2      | Reached XP level 4. HP: 40/40 MP: 3/3
  1776 | D:3      | Found a broken altar of Ashenzari.
  2038 | D:3      | Found a faded altar of an unknown god.
  2150 | D:3      | Found an ornate altar of the Wu Jian Council.
  2221 | D:3      | Found a runed translucent door.
  2222 | D:3      | Noticed Crazy Yiuf
  2229 | D:3      | Killed Crazy Yiuf
  2230 | D:3      | Reached skill level 6 in Long Blades
  2230 | D:3      | Reached XP level 5. HP: 32/46 MP: 4/4
  2531 | D:3      | Found a radiant altar of Vehumet.
  2894 | D:4      | Noticed a black bear
  2920 | D:4      | Killed a black bear
  2921 | D:4      | Reached XP level 6. HP: 34/53 MP: 5/5
  3009 | D:4      | Found a staircase to the Ecumenical Temple.
  3141 | D:4      | Reached skill level 7 in Long Blades
  3260 | D:4      | Reached *** piety under Trog
  3983 | D:2      | Bought a scroll of enchant weapon for 105 gold pieces
  3983 | D:2      | Bought a scroll of enchant weapon for 105 gold pieces
  4098 | D:5      | Entered Level 5 of the Dungeon
  4218 | D:5      | Noticed a water moccasin
  4234 | D:5      | Killed a water moccasin
  4235 | D:5      | Reached skill level 5 in Armour
  4235 | D:5      | Reached XP level 7. HP: 23/60 MP: 6/6
  4412 | D:5      | Reached skill level 5 in Fighting
  4451 | D:5      | Found a bloodstained altar of Trog.
  4451 | D:5      | Found a sparkling altar of Nemelex Xobeh.
  4555 | D:5      | Gained mutation: You are partially covered in iridescent
                  | scales. (AC +2) [potion of mutation]
  4555 | D:5      | Gained mutation: You have hidden genetic potential. [potion
                  | of mutation]
  4556 | D:5      | Lost mutation: You are partially covered in iridescent
                  | scales. (AC +2) [potion of mutation]
  4556 | D:5      | Lost mutation: You have hidden genetic potential. [potion
                  | of mutation]
  4556 | D:5      | Gained mutation: You expend magic power (3 MP) to
                  | strengthen your wands. [potion of mutation]
  4590 | D:5      | Reached skill level 1 in Shields
  5035 | D:6      | Reached skill level 8 in Long Blades
  5125 | D:6      | Found a white marble altar of Elyvilon.
  5209 | D:6      | Noticed Eustachio
  5250 | D:6      | Killed Eustachio
  5251 | D:6      | Reached XP level 8. HP: 63/70 MP: 7/7
  5683 | D:6      | Found a snail-covered altar of Cheibriados.
  5825 | D:6      | Reached skill level 9 in Long Blades
  5825 | D:6      | Reached **** piety under Trog
  6591 | D:6      | Found Deetaguu's Armour Emporium.
  6828 | D:7      | Found a hide-covered altar of Uskayaw.
  6851 | D:7      | Found a stormy altar of Qazlal.
  8301 | D:8      | Reached XP level 9. HP: 49/81 MP: 8/8
  8403 | D:8      | Found a transporter.
  8404 | D:8      | Found a transporter.
  8405 | D:8      | Noticed a two-headed ogre
  8406 | D:8      | Found a transporter.
  8406 | D:8      | Found a transporter.
  8429 | D:8      | Noticed Maggie
  8444 | D:8      | Paralysed by a hornet for 2 turns
  8450 | D:8      | Reached skill level 10 in Long Blades
  8457 | D:8      | Killed Maggie
  8646 | D:8      | Found a shimmering altar of Xom.
  8669 | D:8      | Killed a two-headed ogre
  8926 | D:8      | Found Bofur's Weapon Boutique.
  8988 | D:8      | Reached skill level 11 in Long Blades
  9146 | D:8      | Reached skill level 10 in Armour
  9376 | D:8      | Found a glowing silver altar of Zin.
  9943 | D:9      | Noticed Gastronok
  9956 | D:9      | Killed Gastronok
  9957 | D:9      | Reached skill level 10 in Fighting
  9957 | D:9      | Reached XP level 10. HP: 76/93 MP: 9/9
 10068 | D:9      | Found a runed translucent gate.
 10068 | D:9      | Found a runed translucent gate.
 10069 | D:9      | Found a runed translucent gate.
 10069 | D:9      | Noticed zielscheibe's ghost (novice VSTm)
 10360 | D:9      | Reached skill level 12 in Long Blades
 10376 | D:9      | Found an iron altar of Okawaru.
 10382 | D:9      | Lost mutation: You expend magic power (3 MP) to strengthen
                  | your wands. [potion of mutation]
 10382 | D:9      | Gained mutation: You have a pair of large horns on your
                  | head. [potion of mutation]
 10382 | D:9      | Gained mutation: You are somewhat resistant to further
                  | mutation. [potion of mutation]
 10620 | D:9      | Found a shimmering blue altar of Sif Muna.
 11404 | D:9      | Noticed an orange demon
 11407 | D:9      | Killed zielscheibe's ghost
 11414 | D:9      | HP: 5/144 [orange demon[a kobold demonologist] (3)]
 11415 | D:9      | HP: 2/144 [poisoned by a kobold brigand]
 11415 | D:9      | Slain by an orange demon

Illustrated notes

Levels and vault maps discovered:
D:1:      minmay_arrival_cross, layout_basic, serial_shops, shop
D:2:      layout_rooms, serial_shops, nicolae_shop_peninsula
D:3:      layout_basic, nicolae_wu_jian_immortal_techniques,
          mainiacjoe_overflow_boulevard, vehumet_crystals,
          shapermc_ecumenical_altar_petra, uniq_crazy_yiuf_cottage
D:4:      minmay_razor_zed, layout_loops_cross,
          minmay_temple_entry_drinking_statues, abandoned_shop,
          minmay_misc_feat_pillars
D:5:      corexii_shack_village, layout_loops_ring,
          amethyst_overflow_temple_binary
D:6:      layout_basic, elyvilon_altar_3, cheibriados_altar_1, serial_shops,
          shop_statue, uniq_eustachio
D:7:      layout_loops_corners, nicolae_uskayaw_dance_hall,
          nicolae_qazlal_general_emergency, enter_bailey_5
D:8:      layout_basic, zin_treasury, mainiacjoe_overflow_six_doors_small,
          serial_shops, nicolae_shop_bloodbath_and_beyond,
          nicolae_diode_quadrants, uniq_maggie
D:9:      layout_basic, kennysheep_okawaru_gauntlet,
          mainiacjoe_overflow_catwalk, gammafunk_ghost_nasty_kobolds,
          uniq_gastronok

Skill      XL: |  1  2  3  4  5  6  7  8  9 10 |
---------------+-------------------------------+-----
Long Blades    | 4 5 6 7 8 9 11 12 | 12.8
Fighting       | 4 6 7 10 11 | 11.4
Armour         | 3 5 6 8 10 11 | 11.3
Dodging        | 3 |  3.0
Shields        | 1 |  1.3

Action                     |  1- 3 |  4- 6 |  7- 9 | 10-12 || total
---------------------------+-------+-------+-------+-------++-------
  Melee: Falchion          |    94 |   160 |   285 |   124 ||   663
         Headbutt          |     7 |    31 |    45 |    14 ||    97
         Punch             |       |     2 |       |     1 ||     3
 Invoke: Trog's Hand       |       |       |     2 |     1 ||     3
         Berserk           |       |       |     3 |     1 ||     4
    Use: Scroll            |       |    12 |    10 |     2 ||    24
         Potion            |       |       |     3 |     3 ||     6
   Stab: Distracted        |       |     1 |       |       ||     1
 Armour: Animal skin       |     4 |       |       |       ||     4
         Ring mail         |    35 |    60 |     2 |       ||    97
         Chain mail        |       |       |    88 |       ||    88
         Plate armour      |       |       |    60 |    77 ||   137
         Skin              |       |       |       |    59 ||    59
  Dodge: Dodged            |    70 |   104 |   106 |    36 ||   316
  Block: Other             |       |    13 |    51 |    37 ||   101
         Reflection        |       |     1 |     2 |     3 ||     6
